AoeStats
← Long John Silver

African Clearing

505716102Analyzed
4v4 RM · 23d ago on Sep 10, 2026· 34m 21s· 8 players
Game mode
Random Map
Map size
Large (8 player)
Population
200
Speed
Normal
Resources
Standard
Victory
Conquest
Starting age
Dark Age
Ending age
Imperial Age
RankedLock teamsTeams togetherTeam positionsShared explorationLock speedFull tech treeHidden civsTurbo modeCheats
Victory
Defeat
🇫🇮 Persians · Finland
1800
+5
🇨🇳 Mongols · China
1763
+6
🇫🇮 Magyars · Finland
1620
+11
🇻🇳 Inca · Vietnam
1511
+15
🇲🇽 Magyars · Mexico
1536
-10
🇦🇷 Persians · Argentina
1534
-10
🇦🇷 Spanish · Argentina
1527
-10
🇩🇪 Poles · Germany
1456
-7
清远华
11:30 Feudal Age
12:28 Double-Bit Axe
16:43 Horse Collar
19:09 Loom
20:06 Scale Barding Armor
26:36 Wheelbarrow
25:53 Gold Mining
29:57 Castle Age
28:52 Bloodlines
29:41 Forging
30:09 Fletching
Shyles
11:51 Feudal Age
13:03 Double-Bit Axe
17:20 Loom
20:52 Castle Age
19:40 Scale Barding Armor
19:25 Horse Collar
20:48 Bloodlines
21:37 Husbandry
21:44 Light Cavalry
31:00 Fletching
34:37 Heavy Plow
Juyhou
11:46 Feudal Age
15:38 Castle Age
14:27 Double-Bit Axe
14:53 Horse Collar
16:17 Bow Saw
23:44 Wheelbarrow
24:37 Hand Cart
24:24 Gold Mining
26:39 Gold Shaft Mining
26:57 Loom
30:14 Imperial Age
27:50 Scale Barding Armor
28:16 Bloodlines
28:06 Husbandry
28:41 Forging
28:56 Chain Barding Armor
28:39 Husbandry
29:12 Town Watch
30:23 Iron Casting
31:21 Plate Barding Armor
30:17 Cavalier
31:17 Heavy Plow
31:56 Conscription
33:03 Savar
35:09 Blast Furnace
Cuong Boss
10:09 Loom
14:15 Feudal Age
16:23 Feudal Age
22:54 Castle Age
21:43 Fletching
22:52 Double-Bit Axe
CoterLee
2:48 Loom
12:56 Feudal Age
20:22 Bloodlines
21:24 Fletching
22:27 Padded Archer Armor
24:54 Double-Bit Axe
29:44 Castle Age
28:42 Gold Mining
29:13 Town Watch
32:13 Pikeman
__127_Monchito008_Arg
8:56 Loom
22:09 Feudal Age
29:00 Fletching
_94_ShaDoW_Arg
10:07 Loom
13:19 Feudal Age
17:55 Castle Age
16:02 Double-Bit Axe
16:37 Horse Collar
19:10 Bow Saw
20:48 Wheelbarrow
25:55 Padded Archer Armor
26:24 Town Watch
27:18 Leather Archer Armor
29:51 Hand Cart
Long John Silver
5:32 Loom
11:44 Feudal Age
12:27 Double-Bit Axe
15:49 Horse Collar
20:49 Castle Age
21:56 Bow Saw
21:46 Heavy Plow
22:43 Town Watch
23:33 Wheelbarrow
23:07 Gold Mining
23:07 Stone Mining
26:07 Bloodlines
28:32 Hand Cart
29:41 Scale Barding Armor
29:37 Husbandry
29:09 Light Cavalry
32:08 Forging
Connection lost

Rejoining the realm…

Still unreachable

The connection could not be restored.

Session expired

The server has moved on; the page needs a fresh start.